 Dungeon Crawl Stone Soup version 0.23-a0-358-g98c7a59 (webtiles) character file.

394 namelastname112 the Skirmisher (level 6, -4/56 HPs)
             Began as a Draconian Wanderer on Oct 22, 2018.
             Killed by divine providence
             ... invoked by an orc priest
              (15 damage)
             ... on level 4 of the Dungeon.
             The game lasted 00:06:04 (5104 turns).

namelastname112 the Skirmisher (Draconian Wanderer) Turns: 5104, Time: 00:06:04

Health: -4/56      AC:  7    Str: 14    XL:     6   Next: 52%
Magic:  19/19      EV: 14    Int: 13    God:
Gold:   264        SH:  0    Dex: 12    Spells: 11/11 levels left

rFire    . . .     SeeInvis .   h - +0 mace
rCold    . . .     Gourm    .   (no shield)
rNeg     . . .     Faith    .   (armour unavailable)
rPois    .         Spirit   .   (helmet restricted)
rElec    .         Reflect  .   (no cloak)
rCorr    .         Harm     .   (no gloves)
MR       .....                  n - +0 pair of boots
Stlth    +.........             (no amulet)
HPRegen  0.18/turn              e - ring of magical power
MPRegen  0.16/turn              (no ring)

@: no status effects
A: unfitting armour, cold-blooded, AC +6
a: no special abilities


You were on level 4 of the Dungeon.
You were not hungry.

You visited 1 branch of the dungeon, and saw 4 of its levels.

You collected 264 gold pieces.

Inventory:

Hand Weapons
 h - a +0 mace (weapon)
Armour
 n - a +0 pair of boots (worn)
Jewellery
 e - a ring of magical power (left hand)
Wands
 l - a wand of flame (24)
Scrolls
 a - 6 scrolls of identify {unknown}
 b - 4 scrolls of remove curse {unknown}
 g - a scroll of noise {unknown}
 i - a scroll of magic mapping {unknown}
 j - a scroll of immolation {unknown}
 o - a scroll of blinking {unknown}
 p - a scroll of teleportation {unknown}
Potions
 c - 4 potions of heal wounds {unknown}
 d - a potion of degeneration {unknown}
 k - 3 potions of magic {unknown}
 m - a potion of cancellation {unknown}
 r - a potion of agility {unknown}
Comestibles
 f - 5 rations
 q - 2 chunks of flesh


   Skills:
 + Level 5.0 Fighting
 + Level 4.1 Dodging
   Level 1.0 Shields
 - Level 3.0 Spellcasting
   Level 1.0 Summonings
   Level 2.0 Fire Magic
   Level 2.0 Air Magic
 - Level 1.0 Evocations


You had 11 spell levels left.
You didn't know any spells.
Your spell library contained the following spells:

 Spells                   Type           Power        Failure   Level  Hunger
 Summon Butterflies       Summ           #.......     16%         1    #......
 Call Canine Familiar     Summ           #.......     41%         3    ###....


Dungeon Overview and Level Annotations

Branches:
Dungeon (4/15)
 Temple: D:4-7

Altars:
Nemelex Xobeh
Xom


Innate Abilities, Weirdness & Mutations

Your plain brown scales are hard. (AC +6)
You cannot fit into any form of body armour.
You are cold-blooded and may be slowed by cold attacks.


Message History

You sock the orc priest!
The orc priest is heavily wounded.
The orc priest hits you with a +0 flail!
* * * LOW HITPOINT WARNING * * *
You take 9 damage, and have 16/56 hp.
You closely miss the orc priest.
The orc priest is heavily wounded.
The orc priest mumbles some strange prayers to Beogh against you.
Pain shoots through your body!
* * * LOW HITPOINT WARNING * * *
You take 5 damage, and have 11/56 hp.
Evoke which item? (* to show all) (? for menu, Esc to quit)
Aiming: Throw Flame
Press: ? - help, Shift-Dir - straight line, f - orc priest
Aim: an orc priest, wielding a +0 flail (heavily wounded)
The puff of flame hits the orc priest.
The orc priest is almost dead.
The orc priest mumbles some strange prayers to Beogh against you.
Beogh smites you!
You die...

# ######### #..###
####.......##### ###.....
...'............ ... ...
.###........#### #..#..
.###........# #..#.#
..##........# #.....
#.##........# ##.#.#
#.##........######### #.#.#
#.#########.#...@oo.# #.#..
...# #.#.#####.# #######.###
...########.#.# ...........
...+........#.#######
######.###
..)########.......... #....#.#
# ...## #.#.##########....'.# #
....# #.#..........#....### #
###.## #.#.#.............#.###
#..######.#.########.#.#.......


You could see an orc priest and an orc.

Vanquished Creatures
  A bullfrog (D:2)
  A hound (D:2)
  An orc priest (D:3)
  3 worker ants (D:4)
  Robin (D:2)
  6 adders
  An adder skeleton (D:4)
  A worm (D:2)
  3 dart slugs (D:1)
  2 leopard geckos
  14 orcs
  2 ball pythons
  6 giant cockroaches
  13 goblins
  5 hobgoblins
  19 jackals
  A quokka (D:3)
  13 bats
  4 frilled lizards
  5 kobolds
  8 rats
110 creatures vanquished.

Notes
Turn   | Place    | Note
-------+----------+-------------------------------------------
     0 | D:1      | namelastname112 the Draconian Wanderer began the quest for
                  | the Orb.
     0 | D:1      | namelastname112 set off with: a +0 shield, a potion of
                  | lignification, a +0 club, a ration
     0 | D:1      | Reached XP level 1. HP: 14/14 MP: 4/4
    67 | D:1      | Reached skill level 1 in Fighting
   294 | D:1      | Reached skill level 1 in Dodging
   294 | D:1      | Reached XP level 2. HP: 23/23 MP: 6/6
  1307 | D:1      | Reached skill level 2 in Fighting
  1307 | D:1      | Reached XP level 3. HP: 26/29 MP: 7/7
  1946 | D:2      | Noticed a bullfrog
  1964 | D:2      | Killed a bullfrog
  1964 | D:2      | Reached skill level 3 in Fighting
  1964 | D:2      | Reached XP level 4. HP: 16/38 MP: 8/8
  1995 | D:2      | Reached XP level 5. HP: 11/45 MP: 9/9
  2647 | D:2      | Noticed Robin
  2663 | D:2      | Killed Robin
  2663 | D:2      | Reached skill level 4 in Fighting
  3925 | D:3      | Reached XP level 6. HP: 53/53 MP: 10/10
  4293 | D:3      | Found a shimmering altar of Xom.
  4750 | D:4      | Found a sparkling altar of Nemelex Xobeh.
  4957 | D:4      | Reached skill level 5 in Fighting
  5104 | D:4      | Killed from afar by an orc priest

Vault maps used:
D:1:      eino_arrival_tree_alley, chequers_serial_rivers_micro_c
D:2:      wad_floor_pattern_untrapped, uniq_robin
D:3:      xom_teletrap_fun
D:4:      nemelex_lonely_heart_becter

Skill      XL: |  1  2  3  4  5  6 |
---------------+-------------------+-----
Fighting       | 1 2 3 4 5 |  5.0
Dodging        | 1 2 3 4 |  4.1
Shields        | |  1.0
Spellcasting   | |  3.0
Summonings     | |  1.0
Fire Magic     | |  2.0
Air Magic      | |  2.0
Evocations     | |  1.0

Action                   |  1- 3 |  4- 6 || total
-------------------------+-------+-------++-------
Melee: Club              |   119 |       ||   119
       Tailslap          |    16 |    28 ||    44
       Mace              |    33 |   304 ||   337
       Unarmed           |     8 |     9 ||    17
Evoke: Wand              |       |     9 ||     9
  Use: Potion            |     1 |       ||     1
 Stab: Sleeping          |     2 |       ||     2
  Eat: Chunk             |     2 |    12 ||    14
Armor: Skin              |    62 |   129 ||   191
Dodge: Dodged            |   141 |   328 ||   469

Table legend:
 A = Non-vault XP
 B = Vault XP
 C = Vault XP percentage of total XP
 D = Non-vault monster count
 E = Vault monster count
 F = Vault count percentage of total count
                 A         B        C        D         E       F
            +---------+---------+-------+---------+---------+-------
      Total |     537 |      27 |   4.8 |     103 |       7 |   6.4
            +---------+---------+-------+---------+---------+-------
        D:1 |      47 |       0 |   0.0 |      25 |       0 |   0.0
        D:2 |     247 |      27 |   9.9 |      35 |       7 |  16.7
        D:3 |     132 |       0 |   0.0 |      36 |       0 |   0.0
        D:4 |     111 |       0 |   0.0 |       7 |       0 |   0.0
            +---------+---------+-------+---------+---------+-------
